Map: Blackrock LE

Players

LiberalMedia - Winner!

  • Race: Zerg Zerg
  • League: Gold

AuntJamima

  • Race: Zerg Zerg
  • League: Master

VOD

Have the link to the VOD?

Description

Time

  • Played on: June 28, 2026, 12:34 a.m.
  • Length: 8:31
Show
View Real Time Build Order
Export as new Build Order

LiberalMedia Zerg - Winner!

Build Orders: Pool First 

Get SALT Encoding   

  8  0:23  Spawning Pool  
  7  0:37  Drone  
  7  0:39  Drone  
  9  0:45  Drone  
  10  0:58  Overlord  
  10  1:19  Zergling x6  
  13  1:32  Drone  
  15  1:40  Drone  
  15  1:48  Drone  
  16  2:01  Drone  
  17  2:12  Hatchery  
  16  2:21  Drone x2  
  18  2:27  Queen  
  20  2:55  Overlord  
  20  2:57  Overlord x2  
  20  3:29  Drone x3  
  20  3:31  Extractor  
  20  3:33  Extractor  
  21  3:34  Queen  
  23  3:47  Drone  
  23  3:48  Drone  
  25  3:51  Hatchery, Drone  
  25  4:06  Drone x3  
  28  4:23  Roach Warren  
  27  4:25  Drone x2  
  29  4:40  Drone x2  
  29  4:41  Drone  
  32  4:47  Drone x3  
  32  4:50  Drone  
  36  4:54  Drone  
  36  4:58  Drone  
  38  5:26  Roach x3  
  38  5:27  Roach x4  
  52  5:29  Overlord  
  52  5:31  Overlord  
  52  5:36  Lair  
  52  6:11  Queen  
  52  6:12  Queen  
  53  6:33  Hatchery  
  52  7:00  Zergling x2  
  52  7:01  Zergling x14  
  54  7:02  Zergling x12  
  54  7:03  Zergling x8  
  54  7:04  Zergling x2  
  65  7:11  Metabolic Boost  
  56  8:04  Roach  
  56  8:05  Roach x6  
  68  8:06  Roach  
  68  8:07  Overlord x4  
  68  8:08  Overlord x6  
Show
View Real Time Build Order
Export as new Build Order

AuntJamima Zerg 

Build Orders: Hatch First 

Get SALT Encoding   

  8  0:02  Drone  
  9  0:10  Extractor  
  8  0:16  Drone  
  9  0:27  Overlord  
  9  1:16  Hatchery  
  8  1:29  Spawning Pool  
  7  1:45  Drone  
  8  1:50  Extractor  
  7  1:54  Overlord  
  7  2:23  Zergling x6  
  10  2:32  Zergling x2  
  11  2:50  Queen  
  13  3:00  Drone  
  14  3:06  Drone  
  15  3:14  Drone  
  16  3:23  Drone  
  17  3:40  Drone x2  
  19  3:42  Drone  
  20  3:54  Drone  
  21  4:02  Overlord  
  21  4:06  Zergling x2  
  22  4:13  Metabolic Boost  
  22  4:47  Hatchery  
  21  4:53  Drone x3  
  24  5:12  Lair  
  24  5:17  Drone  
  24  5:18  Drone  
  24  5:19  Drone  
  27  5:22  Drone  
  28  5:32  Overlord  
  28  5:34  Drone  
  29  5:46  Drone  
  29  5:47  Drone  
  29  5:48  Drone  
  32  6:06  Evolution Chamber  
  32  6:07  Drone x3  
  34  6:16  Evolution Chamber  
  33  6:21  Infestation Pit  
  31  6:36  Zergling x2  
  31  6:37  Zergling x12  
  34  7:08  Hive  
  29  7:12  Drone  
  29  7:13  Drone x5  
  33  7:23  Zergling x2  
  34  7:30  Queen  
  34  7:32  Zergling x4  
  38  7:39  Zergling x6  
  38  7:40  Zergling x2  
  42  7:51  Zergling x4  
  42  7:52  Zergling x2  
  42  8:04  Zergling x2  
  42  8:05  Zergling x8  
Tags
 
Add a new tag
Caveats
  • Supply blocks, unpowered buildings, or Contaminate may cause inaccurate times.
  • Supply counts are checked every 10 seconds.